 Dungeon Crawl Stone Soup version 0.29.1-15-g9cfb28693d (webtiles) character file.

Game seed: 6636637874306564615

365986 cowcol the Conqueror (level 21, -7/224 HPs)
             Began as a Minotaur Fighter on Mar 3, 2023.
             Was a High Priest of Okawaru.
             Killed from afar by a deep elf high priest (35 damage)
             ... with damnation
             ... on level 3 of the Elven Halls on Mar 4, 2023.
             The game lasted 04:33:42 (92244 turns).

cowcol the Conqueror (Minotaur Fighter)            Turns: 92244, Time: 04:33:45

Health: -7/224     AC: 30    Str: 35    XL:     21   Next: 59%
Magic:  27/27      EV: 12    Int:  7    God:    Okawaru [*****.]
Gold:   4482       SH:  9    Dex: 14    Spells: 20/20 levels left

rFire   + + +      SeeInvis .   b - +10 battleaxe "Valan" {flame, rF+ Will+ Dex-3}
rCold   + + .      Faith    .   (shield currently unavailable)
rNeg    . . .      Spirit   .   M - +1 gold dragon scales
rPois   +          Reflect  +   (helmet restricted)
rElec   .          Harm     .   O - scarf {rC+ rF+}
rCorr   +          Rampage  .   k - +2 pair of gloves {hurl}
Will    +++..                   q - +2 pair of boots
Stlth   ..........              A - amulet of Hoaxe {Reflect rPois rCorr SH+5}
HPRegen 0.47/turn               t - ring of Sepputai {rF- Str+6 Dex+3 Stlth+}
MPRegen 0.20/turn               v - ring of the Failed Coup {rF+ Will+ Str+3}

@: heroic, corroded, studying 2 skills
A: horns 2, retaliatory headbutt, hooves 1, large bone plates 1
}: 2/15 runes: decaying, serpentine
a: Renounce Religion, Heroism, Finesse, Duel


You were on level 3 of the Elven Halls.
You worshipped Okawaru.
Okawaru was extremely pleased with you.
You visited 8 branches of the dungeon, and saw 38 of its levels.
You also visited: Ossuary and Ice Cave.

You collected 4939 gold pieces.
You spent 457 gold pieces at shops.

Inventory:

Hand Weapons
 b - the +10 battleaxe "Valan" (weapon) {flame, rF+ Will+ Dex-3}
   (Okawaru gifted it to you on level 3 of the Swamp)

   It burns those it strikes, dealing additional fire damage.
   Big, fiery blades are also staple armaments of hydra-hunters.
   Dex:       It affects your dexterity (-3).
   rF:        It protects you from fire.
   Will:      It increases your willpower.
 l - a +8 battleaxe of freezing
 u - a +5 executioner's axe of flaming
Missiles
 P - 10 silver javelins (quivered)
 U - 34 poisoned darts
Armour
 a - the +8 chain mail of the Five Violins {rElec Dex+7}
   (You found it on level 1 of the Vaults)

   Dex:       It affects your dexterity (+7).
   rElec:     It insulates you from electricity.
 k - a +2 pair of gloves of hurling (worn)
 m - a +2 cloak of poison resistance
 q - a +2 pair of boots (worn)
 H - the +1 ice dragon scales of Wuqoxowk {rF- rC++ Int+4}
   (Okawaru gifted it to you on level 4 of the Snake Pit)

   Int:       It affects your intelligence (+4).
   rF:        It makes you vulnerable to fire.
   rC:        It greatly protects you from cold.
 M - +1 gold dragon scales (worn)
 O - a scarf of resistance (worn)
 S - the +5 plate armour "Weargh" {rC+ Dex+3}
   (You found it on level 1 of the Snake Pit)

   Dex:       It affects your dexterity (+3).
   rC:        It protects you from cold.
 T - the +0 pair of gloves of Xepsiur {-Tele rElec Will+ Int+3}
   (Okawaru gifted it to you on level 2 of the Snake Pit)

   Int:       It affects your intelligence (+3).
   rElec:     It insulates you from electricity.
   -Tele:     It prevents most forms of teleportation.
   Will:      It increases your willpower.
Jewellery
 i - a +6 ring of strength
 r - a +6 ring of dexterity
 t - the ring of Sepputai (left hand) {rF- Str+6 Dex+3 Stlth+}
   (You found it on level 2 of the Snake Pit)

   [ring of strength]

   Str:       It affects your strength (+6).
   Dex:       It affects your dexterity (+3).
   rF:        It makes you vulnerable to fire.
   Stlth:     It makes you more stealthy.
 v - the ring of the Failed Coup (right hand) {rF+ Will+ Str+3}
   (You took it off a deep elf pyromancer on level 3 of the Elven Halls)

   [ring of protection from fire]

   Str:       It affects your strength (+3).
   rF:        It protects you from fire.
   Will:      It increases your willpower.
 y - the ring of Masch {rPois rF+++ rN++ rCorr Int-3}
   (You took it off a naga warrior on level 4 of the Snake Pit)

   [ring of resist corrosion]

   Int:       It affects your intelligence (-3).
   rF:        It renders you almost immune to fire.
   rPois:     It protects you from poison.
   rN:        It greatly protects you from negative energy.
   rCorr:     It protects you from acid and corrosion.
 A - the amulet of Hoaxe (around neck) {Reflect rPois rCorr SH+5}
   (You found it on level 13 of the Dungeon)

   [amulet of reflection]

   It reflects blocked missile attacks.
   rPois:     It protects you from poison.
   rCorr:     It protects you from acid and corrosion.
   SH:        It affects your SH (+5).
 B - a ring of protection from cold
 D - a ring of fire
 R - the amulet of Eternity {Regen+ Str+3}
   (You took it off an orc on level 10 of the Dungeon)

   [amulet of regeneration]

   Str:       It affects your strength (+3).
   Regen:     It increases your rate of health regeneration.
Wands
 E - a wand of quicksilver (25)
 G - a wand of roots (42)
 Q - a wand of digging (17)
 Y - a wand of paralysis (14)
Scrolls
 c - 20 scrolls of identify
 e - 6 scrolls of fog
 g - 20 scrolls of teleportation
 h - 13 scrolls of poison
 j - a scroll of blinking
 x - a scroll of fear
 L - a scroll of magic mapping
 V - a scroll of silence
 Z - 2 scrolls of immolation
Potions
 d - 4 potions of flight
 f - a potion of resistance
 n - 2 potions of might
 s - 6 potions of cancellation
 w - 6 potions of lignification
 z - 5 potions of ambrosia
 I - 14 potions of curing
 K - 4 potions of berserk rage
Miscellaneous
 C - a phial of floods
 F - a phial of floods
 J - a tin of tremorstones (2/2)
 W - a phantom mirror


   Skills:
 O Level 27 Fighting
 + Level 5.0(11.0) Short Blades
 + Level 5.4(11.5) Long Blades
 - Level 25.2(27) Axes
 + Level 5.4(22.8) Maces & Flails
 + Level 5.5(22.9) Polearms
 + Level 5.2(12.3) Staves
 + Level 4.9(9.9) Ranged Weapons
 - Level 5.0(10.0) Throwing
 - Level 20.0(25.0) Armour
 - Level 5.0(10.0) Dodging
 - Level 8.0(13.0) Shields
 - Level 0.5 Conjurations
 - Level 0.5 Hexes
 - Level 0.4 Summonings
 - Level 0.5 Necromancy
 - Level 0.6 Translocations
 - Level 0.7 Transmutations
 - Level 0.5 Fire Magic
 - Level 0.7 Ice Magic
 - Level 0.5 Air Magic
 - Level 0.8 Earth Magic
 - Level 0.5 Poison Magic
 - Level 10.0 Invocations
 - Level 6.0 Evocations


You had 20 spell levels left.
You didn't know any spells.
Your spell library contained the following spells:

 Spells                   Type           Power      Damage    Failure   Level
 Magic Dart               Conj           0%         1d3       88%         1
 Necrotise                Necr           0%         1d4       88%         1
 Shock                    Conj/Air       0%         1d3       88%         1
 Scorch                   Fire           0%         2d5       95%         2
 Searing Ray              Conj           0%         2d4       95%         2
 Sublimation of Blood     Necr           0%         N/A       95%         2
 Confusing Touch          Hex            0%         N/A       99%         3
 Conjure Flame            Conj/Fire      0%         6-21      99%         3
 Frozen Ramparts          Ice            0%         1d1       99%         3
 Ignite Poison            Fire/Tmut/Pois 0%         N/A       99%         3
 Mephitic Cloud           Conj/Pois/Air  0%         N/A       99%         3
 Portal Projectile        Hex/Tloc       0%         N/A       99%         3
 Swiftness                Air            0%         N/A       99%         3
 Airstrike                Air            0%         2d(0-16)  100%        4
 Flame Wave               Conj/Fire      0%         2d4       100%        4
 Fulminant Prism          Conj/Hex       0%         3d6       100%        4
 Ice Form                 Ice/Tmut       1%         N/A       100%        4
 Leda's Liquefaction      Hex/Erth       0%         N/A       100%        4
 Passage of Golubria      Tloc           0%         N/A       100%        4
 Sticky Flame             Conj/Fire      0%         2d3       100%        4
 Borgnjor's Vile Clutch   Necr/Erth      0%         N/A       100%        5
 Lee's Rapid Deconstruct  Erth           0%         3d5*      100%        5
 Silence                  Hex/Air        0%         N/A       100%        5
 Yara's Violent Unravell  Hex/Tmut       0%         3d3       100%        5
 Conjure Ball Lightning   Conj/Air       0%         3x3d6     100%        6
 Eringya's Noxious Bog    Tmut/Pois      0%         N/A       100%        6
 Statue Form              Tmut/Erth      0%         N/A       100%        6
 Enfeeble                 Hex            0%         N/A       100%        7
 Borgnjor's Revivificati  Necr           0%         N/A       100%        8
 Discord                  Hex            0%         N/A       100%        8
 Disjunction              Tloc           0%         N/A       100%        8
 Lehudib's Crystal Spear  Conj/Erth      0%         10d2      100%        8
 Necromutation            Tmut/Necr      0%         N/A       100%        8
 Death's Door             Necr           0%         N/A       100%        9
 Call Imp                 Summ           Unusable   N/A       N/A         2
 Call Canine Familiar     Summ           Unusable   N/A       N/A         3
 Animate Dead             Necr           Unusable   N/A       N/A         4
 Summon Ice Beast         Ice/Summ       Unusable   N/A       N/A         4
 Summon Forest            Summ/Tloc      Unusable   N/A       N/A         5
 Death Channel            Necr           Unusable   N/A       N/A         6
 Summon Cactus Giant      Summ           Unusable   N/A       N/A         6
 Haunt                    Necr/Summ      Unusable   N/A       N/A         7
 Summon Hydra             Summ           Unusable   N/A       N/A         7

Dungeon Overview and Level Annotations

Branches:
Dungeon (15/15)            Temple (0/1) D:7            Lair (5/5) D:8
  Swamp (4/4) Lair:3        Snake (4/4) Lair:2        Slime (0/5) Lair:5
    Orc (2/2) D:10            Elf (3/3) Orc:2        Vaults (1/5) D:13
 Depths (4/4) D:15        Ossuary (visited)           IceCv (visited)
    Zot: Depths:4

Altars:
Ashenzari
Dithmenos
Elyvilon
Gozag
Hepliaklqana
Kikubaaqudgha
Makhleb
Nemelex Xobeh
Okawaru
Qazlal
Ru
Sif Muna
Trog
Uskayaw
Wu Jian
Xom
Zin
The Shining One

Shops:
D:9 *   Orc:1 !   Orc:2 ?*::   Snake:3 :   Depths:1 *   Depths:3 (

Portals:
Hell: Depths:1 Depths:2 Depths:3
Abyss: Depths:1 Depths:2 Depths:3
Pandemonium: Depths:3 Depths:4
Ziggurat: Depths:3
Trove: D:15 (give 6 scrolls of fear)

Annotations:
D:3 3 runed translucent doors, javelincjr's ghost, amateur DjCj
D:7 3 runed translucent doors, Arctor's ghost, novice GrFE; GilGalad's ghost, novice MiFi
D:9 2 transporters, Renzlar's ghost, journeyman GnFi
Lair:5 exclusion: oklob plant
Swamp:1 2 transporters, exclusion: orange crystal statue
Snake:3 3 runed translucent doors, Geoferav's ghost, adept MiFi
Elf:3 2 transporters, KittyFluff's ghost, veteran GrBe


Innate Abilities, Weirdness & Mutations

You have a pair of horns on your head.
You reflexively headbutt those who attack you in melee.
You have large cloven feet.
You are partially covered in large bone plates. (SH +4)


Message History

You block the Executioner's attack.
The Executioner hits you but does no damage.
The Executioner hits you!!
* * * LOW HITPOINT WARNING * * *
The Executioner closely misses you.
The Executioner hits you but does no damage.
A deep elf master archer comes into view.
You block the deep elf annihilator's attack.
The deep elf demonologist gestures wildly while chanting.
The deep elf annihilator points at you and mumbles some strange words.
The poison arrow misses you.
You feel much better.
The deep elf master archer shouts!
The Executioner hits you!!
* * * LOW HITPOINT WARNING * * *
The Executioner barely misses you.
The Executioner hits you but does no damage. x4
The Brimstone Fiend calls on the powers of darkness!
The deep elf demonologist convulses! x2; Your body is wracked with pain!
* * * LOW HITPOINT WARNING * * *
The Executioner hits you but does no damage. x2
The Executioner closely misses you.
The deep elf annihilator closely misses you.
The deep elf annihilator mumbles some strange words.
The deep elf annihilator blinks!
The deep elf demonologist mumbles some strange words.
The deep elf sorcerer points at you and mumbles some strange words.
The bolt of acid misses you.
Blink to where?
Press: ? - help, Dir - move target
As you read the scroll of blinking, it crumbles to dust.
Your surroundings suddenly seem different.
A deep elf elementalist, a deep elf death mage and a deep elf high priest come into view.
The deep elf death mage is wielding a +1 long sword of flaming.
The deep elf elementalist shouts!
You hear a shout! x4
A deep elf blademaster comes into view. It is wielding two +0 rapiers.
A deep elf sorcerer comes into view. It is wielding a +0 long sword.
The deep elf high priest calls down the wrath of its god upon you.
The sphere of damnation explodes!
The damnation engulfs you!!
You die...

********* ****,,,,,,,****
*,,,,,,*,,,,,,*
*****,,*,,,,,,,*,,*******
,,+,**,,,**'**,,,**,+,,,*
,,*,,*****,,,#####,,*,,,*
,,*,,*,,,*,,,#..@#,,*,,,**
,**,,,,,,.........e.#*,,,*
,*,,,,,*,.e..........#,*,*
,*,,****,..⌠.e#####..#,,,**
**,,,*,,,e...e,,,*,..#*,,,*
*,,,,,,,,....,,,,,,,..#,*,*
*,,***,,#######,,***,.#,,,**
*,,,.####.....####.,,.#*,,,*
,,,,...e......§..e.,,,,*****


You could see a deep elf blademaster, a deep elf death mage, a deep elf
sorcerer, a deep elf elementalist (repels missiles) and a deep elf high priest.

Vanquished Creatures
  Mara (Swamp:4)
  Vashnia (Snake:4)
  A golden dragon (Depths:3)
  Jorgrun (Swamp:3)
  A tentacled monstrosity (Swamp:3)
  Asterion (Snake:2)
  Zenata (Vaults:1)
  A quicksilver dragon (Depths:3)
  2 liches (Depths:3)
  3 deep elf blademasters
  A shadow dragon (Depths:4)
  2 thorn hunters (Swamp:4)
  Kirke (D:13)
  11 nagarajas
  2 fire giants
  7 frost giants
  A vault warden (Vaults:1)
  A fenstrider witch (Swamp:4)
  Louise (Snake:1)
  A caustic shrike zombie (D:15)
  2 deep elf elementalists
  5 deep elf sorcerers (Elf:3)
  2 ironbound preservers (Vaults:1)
  An orc warlord (Orc:2)
  A draconian stormcaller (Depths:4)
  A juggernaut zombie (Depths:3)
  2 caustic shrike skeletons (Depths:3)
  8 very ugly things
  A black draconian (Depths:4)
  5 eleionomae
  3 stone giants
  3 vampire knights (Depths:3)
  3 deep elf annihilators
  2 bunyips (Swamp:2)
  Azrael (D:14)
  A white draconian (Depths:4)
  7 spark wasps
  2 deep elf death magi (Elf:3)
  7 ettins
  Josephine (Lair:3)
  4 fire dragons
  6 jiangshi
  Snorg (D:13)
  2 shambling mangroves
  A merfolk impaler (Depths:1)
  2 yaktaur captains (Vaults:1)
  3 deep elf high priests (Elf:3)
  Erolcha (D:13)
  An ogre mage (D:15)
  3 ghost crabs
  6 boulder beetles
  34 hydras
  2 salamander tyrants
  An ironbound frostheart (Vaults:1)
  15 anacondas
  7 centaur warriors
  Erica (D:9)
  A hell beast (Depths:4)
  4 ice dragons
  A spriggan air mage (Depths:3)
  A spriggan skeleton (Depths:3)
  5 alligators
  13 naga warriors
  9 two-headed ogres
  A merfolk avatar (Lair:5)
  15 death yaks
  31 dancing weapons
  A death knight (D:13)
  4 deep troll shamans
  3 spriggan berserkers
  2 death scarabs (Swamp:2)
  3 hell hogs (Depths:2)
  12 deep troll earth magi
  3 vampire magi
  Urug (Lair:1)
  7 shock serpents
  15 deep elf knights
  7 spriggans
  10 hell knights
  2 titan skeletons (Depths:3)
  15 naga sharpshooters
  A spark wasp zombie (Depths:3)
  5 skeletal warriors
  A soul eater (Depths:4)
  7 goliath frogs
  16 sea snakes
  9 salamander mystics
  9 iron trolls
  4 spriggan druids
  30 deep trolls
  3 flayed ghosts
  9 bog bodies
  6 naga ritualists
  2 tengu zombies
  8 deep elf archers
  4 glowing orange brains
  2 ironbound convokers (Vaults:1)
  14 swamp dragons
  8 necromancers
  A harpy (Lair:5)
  3 wizards
  3 lindwurms (Lair:5)
  10 orc sorcerers
  9 mana vipers
  28 deep elf pyromancers
  3 bunyip skeletons (Swamp:2)
  2 iron dragon zombies (Depths:3)
  31 deep elf zephyrmancers
  2 frost giant zombies (Depths:3)
  An orc knight (D:15)
  2 will-o-the-wisps
  66 ugly things
  11 salamanders
  A wolf spider (Lair:4)
  3 tengu skeletons (Depths:3)
  5 cyclopes
  3 manticores
  15 elephants
  40 black mambas
  A stone giant skeleton (D:15)
  9 naga magi
  Maurice (D:13)
  3 vault sentinels (Vaults:1)
  A guardian serpent (Snake:1)
  A gargoyle (D:11)
  Joseph (D:8)
  6 cane toads
  2 unseen horrors (D:11)
  Psyche (D:12)
  2 efreet (D:14)
  3 kobold demonologists
  2 rime drakes (Lair:4)
  A yaktaur (shapeshifter) (D:15)
  A hellwing (Depths:4)
  8 komodo dragons
  5 yaktaurs (Vaults:1)
  A guardian mummy (D:14)
  A bloated husk (Swamp:2)
  A wind drake (Lair:5)
  9 hornets
  5 trolls
  10 tyrant leeches
  A tarantella (shapeshifter) (Elf:2)
  14 polar bears
  19 blink frogs
  A snapping turtle (Lair:5)
  7 dream sheep (Lair:5)
  9 slime creatures
  An ettin zombie (D:15)
  4 flying skulls
  A shadow (D:11)
  3 air elementals
  A centaur simulacrum (D:15)
  2 humans (D:13)
  A ynoxinul (Depths:3)
  7 water elementals
  5 wyverns
  8 wraiths
  63 yaks
  2 chaos spawn (Depths:4)
  Grum (Lair:1)
  4 fire elementals
  5 hogs (D:13)
  3 orc zombies (Orc:1)
  2 basilisks (Lair:5)
  3 steam dragons
  13 vampire mosquitoes
  A spriggan simulacrum (Swamp:2)
  A naga (shapeshifter) (Depths:1)
  6 wargs
  A glowing shapeshifter zombie (Depths:3)
  18 nagas
  15 swamp worms
  2 hell hounds (D:14)
  An acid dragon (D:14)
  19 water moccasins
  3 glowing shapeshifter skeletons (Depths:3)
  7 swamp drakes
  A sky beast (D:8)
  20 orc warriors
  2 black bears
  3 ice beasts
  A black bear (shapeshifter) (D:13)
  5 boggarts (D:15)
  38 wolves
  3 ettin simulacra (Depths:2)
  8 ogres
  6 centaurs
  A phantom (D:4)
  4 kobold brigands
  10 bullfrogs
  An earth elemental (Elf:3)
  2 gnoll sergeants
  2 necrophages
  7 scorpions
  2 cyclops zombies (Orc:1)
  5 wights (D:7)
  A cyclops skeleton (Orc:1)
  6 killer bees
  4 howler monkeys
  4 electric eels
  A jelly (D:8)
  3 hounds
  A cyclops simulacrum (Orc:1)
  18 orc priests
  A gnoll bouda (D:10)
  5 iguanas
  42 orc wizards
  A polar bear simulacrum (Lair:1)
  An ogre skeleton (Orc:1)
  A mummy (Ossuary)
  15 gnolls
  7 adders
  A shadow imp (D:6)
  A white imp (D:6)
  2 worms
  117 orcs
  2 orc simulacra (Orc:1)
  11 endoplasms
  6 giant cockroaches
  6 hobgoblins
  2 jackals (D:4)
  25 kobolds
  2 quokkas
  2 ball pythons
  4 bats
  A frilled lizard (D:2)
  7 gnoll skeletons (Ossuary)
  3 goblins
  6 kobold skeletons (Ossuary)
  15 orc skeletons
  3 rats
1509 creatures vanquished.

Vanquished Creatures (others)
  A fire giant (Depths:2)
  A naga sharpshooter (Snake:4)
  A deep elf pyromancer (Elf:1)
  4 foxfires (Swamp:1)
  59 fungi
  138 plants
  15 withered plants
219 creatures vanquished.

Grand Total: 1728 creatures vanquished

Notes
Turn   | Place    | Note
-------+----------+-------------------------------------------
     0 | D:1      | cowcol the Minotaur Fighter began the quest for the Orb.
     0 | D:1      | Reached XP level 1. HP: 19/19 MP: 0/0
   172 | D:1      | Reached XP level 2. HP: 27/27 MP: 1/1
   453 | D:1      | Found a faded altar of an unknown god.
   547 | D:1      | Reached skill level 4 in Fighting
   940 | D:2      | Found an ornate altar of the Wu Jian Council.
  1295 | D:2      | Reached XP level 3. HP: 30/33 MP: 2/2
  1978 | D:3      | Found a shimmering blue altar of Sif Muna.
  2021 | D:3      | Found a shimmering altar of Xom.
  2022 | D:3      | Found a hazy altar of Hepliaklqana.
  2023 | D:3      | Noticed a spectral ugly thing
  2094 | D:3      | Found an ornate altar of the Wu Jian Council.
  2387 | D:3      | Found a runed translucent gate.
  2387 | D:3      | Found a runed translucent gate.
  2387 | D:3      | Found a runed translucent gate.
  2388 | D:3      | Noticed javelincjr's ghost (amateur DjCj)
  2441 | D:3      | Reached XP level 4. HP: 37/40 MP: 3/3
  2747 | D:3      | Reached skill level 1 in Throwing
  3231 | D:4      | Noticed a scorpion
  3235 | D:4      | Killed a scorpion
  3236 | D:4      | Reached skill level 5 in Armour
  3236 | D:4      | Reached XP level 5. HP: 47/47 MP: 4/4
  3555 | D:4      | Noticed an ogre
  3561 | D:4      | Killed an ogre
  3562 | D:4      | Reached skill level 5 in Axes
  3910 | D:4      | Noticed a phantom
  3923 | D:4      | Killed a phantom
  3924 | D:4      | Reached XP level 6. HP: 48/53 MP: 5/5
  4128 | D:4      | You fall into a shaft and drop 2 floors!
  4410 | D:6      | Found a shadowy altar of Dithmenos.
  4449 | D:6      | Reached skill level 5 in Fighting
  4449 | D:6      | Reached XP level 7. HP: 54/61 MP: 6/6
  4555 | D:6      | Found an iron altar of Okawaru.
  4562 | D:6      | Became a worshipper of Warmaster Okawaru
  5217 | D:5      | Entered Level 5 of the Dungeon
  5230 | D:6      | Reached * piety under Okawaru
  5592 | D:5      | Reached XP level 8. HP: 53/70 MP: 7/7
  5986 | D:5      | Reached skill level 6 in Fighting
  6962 | D:6      | Found an ancient bone altar of Kikubaaqudgha.
  7682 | D:6      | Found a sparkling altar of Nemelex Xobeh.
  7890 | D:6      | Gained mutation: Your system is resistant to poisons.
                  | (rPois) [potion of mutation]
  7890 | D:6      | Gained mutation: You sometimes lose your temper in combat.
                  | [potion of mutation]
  7890 | D:6      | Gained mutation: Your spells are a little harder to cast,
                  | but a little more powerful. [potion of mutation]
  7890 | D:6      | Gained mutation: You expend magic power (3 MP) to
                  | strengthen your wands. [potion of mutation]
  7891 | D:6      | Lost mutation: You sometimes lose your temper in combat.
                  | [potion of mutation]
  7891 | D:6      | Lost mutation: Your system is resistant to poisons. (rPois)
                  | [potion of mutation]
  7891 | D:6      | Gained mutation: You have hidden genetic defects. [potion
                  | of mutation]
  7891 | D:6      | Gained mutation: You are agile. (Dex +4, Str/Int -1)
                  | [potion of mutation]
  7892 | D:6      | Lost mutation: You are agile. (Dex +4, Str/Int -1) [potion
                  | of mutation]
  7892 | D:6      | Lost mutation: Your spells are a little harder to cast, but
                  | a little more powerful. [potion of mutation]
  7892 | D:6      | Lost mutation: You have hidden genetic defects. [potion of
                  | mutation]
  7892 | D:6      | Gained mutation: Your muscles are strong. (Str +4, Int/Dex
                  | -1) [potion of mutation]
  7892 | D:6      | Gained mutation: You have a pair of large horns on your
                  | head. [potion of mutation]
  7892 | D:6      | Gained mutation: You have large cloven feet. [potion of
                  | mutation]
  7987 | D:7      | Found a staircase to the Ecumenical Temple.
  8001 | D:7      | Found a runed translucent gate.
  8001 | D:7      | Found a runed translucent gate.
  8001 | D:7      | Found a runed translucent gate.
  8008 | D:7      | Noticed Arctor's ghost (novice GrFE)
  8008 | D:7      | Noticed GilGalad's ghost (novice MiFi)
  8033 | D:7      | Reached skill level 10 in Axes
  8255 | D:7      | Found an opulent altar of Gozag.
  8437 | D:7      | Reached ** piety under Okawaru
  8438 | D:7      | Reached skill level 7 in Fighting
  8669 | D:7      | Reached XP level 9. HP: 64/79 MP: 8/8
  9519 | D:7      | Found a burning altar of Makhleb.
  9525 | D:7      | Found a stormy altar of Qazlal.
  9846 | D:8      | Found a staircase to the Lair.
  9864 | D:8      | Found a sand-covered staircase.
  9868 | Ossuary  | Entered an ossuary
 10691 | D:8      | Noticed Joseph
 10704 | D:8      | Killed Joseph
 10704 | D:8      | Reached *** piety under Okawaru
 10853 | D:8      | Reached skill level 8 in Fighting
 11117 | D:8      | Found a sacrificial altar of Ru.
 11473 | D:9      | Noticed Erica
 11489 | D:9      | Killed Erica
 11489 | D:9      | Reached **** piety under Okawaru
 11567 | D:9      | Found Dyzxawed's Desiderata Depot.
 11622 | D:9      | Reached XP level 10. HP: 90/90 MP: 9/9
 11685 | D:9      | Noticed a centaur warrior
 11687 | D:9      | Noticed Renzlar's ghost (journeyman GnFi)
 11690 | D:9      | Noticed a gargoyle
 11694 | D:9      | Found a transporter.
 11718 | D:9      | Found a transporter.
 11931 | D:10     | Entered Level 10 of the Dungeon
 12624 | D:10     | Reached skill level 9 in Fighting
 13357 | D:10     | Found a staircase to the Orcish Mines.
 14068 | D:10     | Found a glowing silver altar of Zin.
 14068 | D:10     | Identified the amulet of Eternity {Regen+ Str+3}
 14071 | D:10     | Found a glowing golden altar of the Shining One.
 14081 | D:10     | Found a white marble altar of Elyvilon.
 14377 | D:11     | Noticed a cyclops
 14396 | D:11     | Killed a cyclops
 14494 | D:11     | Noticed a manticore
 14841 | D:11     | Killed a manticore
 14841 | D:11     | Reached ***** piety under Okawaru
 14842 | D:11     | Reached skill level 10 in Fighting
 14991 | D:11     | Reached skill level 15 in Axes
 15150 | D:11     | Reached XP level 11. HP: 100/100 MP: 10/10
 15167 | D:11     | Received a gift from Okawaru
 15180 | D:11     | Reached skill level 10 in Armour
 15981 | D:11     | Noticed a centaur warrior
 16296 | D:11     | Noticed a two-headed ogre
 16297 | D:11     | Noticed a two-headed ogre
 16303 | D:11     | Noticed a green ugly thing
 16332 | D:11     | Killed a green ugly thing
 16333 | D:11     | Reached skill level 11 in Fighting
 16344 | D:11     | Received a gift from Okawaru
 16426 | D:11     | Killed a centaur warrior
 16783 | D:11     | Killed a two-headed ogre
 17017 | D:11     | Noticed a +0 dagger
 17017 | D:11     | Noticed a +0 short sword
 17018 | D:11     | Noticed a +0 falchion
 17018 | D:11     | Noticed a +0 falchion
 17019 | D:11     | Noticed a +0 short sword
 17019 | D:11     | Noticed a +0 spear
 17020 | D:11     | Noticed a +0 spear
 17021 | D:11     | Noticed a +0 dagger
 17050 | D:11     | Found a hide-covered altar of Uskayaw.
 17308 | Lair:1   | Entered Level 1 of the Lair of Beasts
 17320 | Lair:1   | Identified the +2 leather armour of the Sacrificial Victim
                  | {*Corrode rElec Int+3}
 17326 | Lair:1   | Noticed an eight-headed hydra
 17336 | Lair:1   | Killed a three-headed hydra
 17360 | Lair:1   | Noticed Urug
 17371 | Lair:1   | Killed Urug
 17371 | Lair:1   | Received a gift from Okawaru
 17388 | Lair:1   | Found a frozen archway.
 17422 | IceCv    | Entered an ice cave
 17860 | IceCv    | Received a gift from Okawaru
 17861 | IceCv    | Reached skill level 12 in Fighting
 17861 | IceCv    | Reached XP level 12. HP: 102/112 MP: 11/11
 18039 | IceCv    | Reached skill level 1 in Invocations
 18170 | IceCv    | Reached skill level 13 in Fighting
 18230 | IceCv    | Noticed a death yak
 18250 | IceCv    | Killed a death yak
 18254 | IceCv    | Received a gift from Okawaru
 18267 | IceCv    | Reached ****** piety under Okawaru
 18320 | IceCv    | Noticed a frost giant
 18320 | IceCv    | Noticed a death yak
 18320 | IceCv    | Noticed a death yak
 18320 | IceCv    | Noticed a death yak
 18336 | IceCv    | Killed a frost giant
 18349 | IceCv    | Killed a death yak
 18465 | IceCv    | Killed a death yak
 18466 | IceCv    | Reached skill level 14 in Fighting
 18479 | IceCv    | Killed a death yak
 19011 | Lair:1   | Noticed Grum
 19017 | Lair:1   | Killed Grum
 19348 | Lair:1   | Received a gift from Okawaru
 20079 | Lair:2   | Noticed a death yak
 20100 | Lair:2   | Killed a death yak
 20101 | Lair:2   | Reached skill level 15 in Fighting
 20122 | Lair:2   | Noticed a six-headed hydra
 20137 | Lair:1   | Reached XP level 13. HP: 126/126 MP: 13/13
 20511 | Lair:2   | Found a staircase to the Snake Pit.
 20742 | Lair:1   | Identified the +7 executioner's axe of Rixkav {vorpal,
                  | Dex+3} (Okawaru gifted it to you on level 1 of the Lair of
                  | Beasts)
 20742 | Lair:1   | Received a gift from Okawaru
 21630 | Lair:2   | Reached skill level 16 in Fighting
 21796 | Lair:3   | Received a gift from Okawaru
 22160 | Lair:3   | Found a staircase to the Swamp.
 23455 | Lair:4   | Reached XP level 14. HP: 121/138 MP: 16/16
 23585 | Lair:4   | You fall into a shaft and drop 1 floor!
 23585 | Lair:5   | Entered Level 5 of the Lair of Beasts
 23592 | Lair:5   | Received a gift from Okawaru
 23644 | Lair:5   | Reached skill level 5 in Invocations
 23706 | Arena    | Entered the Arena
 24841 | Lair:5   | Reached skill level 17 in Fighting
 25108 | Lair:5   | Received a gift from Okawaru
 25176 | Lair:5   | Paralysed by a hornet for 3 turns
 26343 | Lair:5   | Found a staircase to the Slime Pits.
 26985 | D:12     | Noticed Psyche
 26992 | D:12     | Killed Psyche
 27181 | D:11     | Received a gift from Okawaru
 28046 | Orc:1    | Entered Level 1 of the Orcish Mines
 29156 | Orc:1    | Found Yhonauta's Distillery.
 29169 | Orc:1    | Bought a potion of curing for 42 gold pieces
 29169 | Orc:1    | Bought a potion of curing for 42 gold pieces
 29179 | Orc:1    | Found a bloodstained altar of Trog.
 29529 | Orc:1    | Reached XP level 15. HP: 149/149 MP: 17/17
 29631 | Orc:1    | Reached skill level 15 in Armour
 30906 | Orc:2    | Entered Level 2 of the Orcish Mines
 31476 | Orc:2    | Paralysed by an orc sorcerer for 2 turns
 31480 | Orc:2    | Reached skill level 18 in Fighting
 31502 | Orc:2    | Found Geiggioq's General Store.
 31502 | Orc:2    | Found Salomoti's Magic Scroll Shoppe.
 31509 | Orc:2    | Bought a scroll of enchant armour for 120 gold pieces
 31519 | Orc:2    | Bought a scroll of blinking for 97 gold pieces
 31519 | Orc:2    | Bought 2 scrolls of identify for 52 gold pieces
 31519 | Orc:2    | Bought 2 scrolls of fog for 104 gold pieces
 31551 | Orc:2    | Noticed an orc warlord
 31578 | Orc:2    | Killed an orc warlord
 31801 | Orc:2    | Found Xeguycoap's Book Boutique.
 31801 | Orc:2    | Found Nyimypp's Book Shoppe.
 31864 | Orc:2    | Found a staircase to the Elven Halls.
 32580 | D:13     | Noticed Erolcha
 32584 | D:13     | Killed Erolcha
 32597 | D:13     | Received a gift from Okawaru
 33329 | D:13     | Identified a scroll of acquirement
 33339 | D:13     | Acquired 563 gold pieces
 33363 | D:13     | Noticed Snorg
 33373 | D:13     | Killed Snorg
 33737 | D:13     | Noticed Maurice
 33743 | D:13     | Killed Maurice
 33891 | D:13     | Noticed Kirke
 33919 | D:13     | Killed Kirke
 34113 | D:13     | Identified the +2 scale mail "Dumeuxas" {Harm rPois}
 34367 | D:13     | Found a gate to the Vaults.
 34377 | D:13     | Identified the amulet of Hoaxe {Reflect rPois rCorr SH+5}
 34520 | D:14     | Reached skill level 19 in Fighting
 34773 | D:14     | Noticed Azrael
 34780 | D:14     | Killed Azrael
 36578 | D:14     | Reached skill level 20 in Fighting
 36600 | D:14     | Received a gift from Okawaru
 36887 | D:14     | Received a gift from Okawaru
 36914 | D:14     | Reached XP level 16. HP: 56/163 MP: 18/18
 39093 | Snake:1  | Entered Level 1 of the Snake Pit
 39347 | D:15     | Entered Level 15 of the Dungeon
 42121 | D:15     | Found a staircase to the Depths.
 42127 | D:15     | Received a gift from Okawaru
 42612 | D:15     | Reached skill level 21 in Fighting
 42783 | D:15     | Found a portal to a secret trove of treasure.
 43927 | Snake:1  | Acquired a +1 cloak of poison resistance
 43954 | Snake:1  | Received a gift from Okawaru
 44390 | Snake:1  | Noticed Louise
 44404 | Snake:1  | Killed Louise
 44404 | Snake:1  | Received a gift from Okawaru
 45107 | Snake:1  | Identified the +5 plate armour "Weargh" {rC+ Dex+3}
 45404 | Snake:2  | Found a transporter.
 45409 | Snake:2  | Found a shimmering blue altar of Sif Muna.
 45456 | Snake:2  | Identified the +0 pair of gloves of Xepsiur {-Tele rElec
                  | Will+ Int+3} (Okawaru gifted it to you on level 2 of the
                  | Snake Pit)
 45456 | Snake:2  | Received a gift from Okawaru
 46126 | Snake:2  | Reached XP level 17. HP: 162/176 MP: 16/19
 46187 | Snake:2  | Noticed Asterion
 46192 | Snake:2  | Killed Asterion
 46757 | Snake:3  | Found Plog's Book Shop.
 47449 | Snake:3  | Reached skill level 22 in Fighting
 47738 | Snake:3  | Received a gift from Okawaru
 48620 | Snake:3  | Found a runed translucent gate.
 48621 | Snake:3  | Found a runed translucent gate.
 48621 | Snake:3  | Found a runed translucent gate.
 48624 | Snake:3  | Noticed Geoferav's ghost (adept MiFi)
 48637 | Snake:4  | Entered Level 4 of the Snake Pit
 48656 | Snake:4  | Found a shadowy altar of Dithmenos.
 49690 | Snake:4  | Identified the ring of Masch {rPois rF+++ rN++ rCorr Int-3}
 50212 | Snake:4  | Noticed Vashnia
 51080 | Snake:4  | Killed Vashnia
 51641 | Snake:4  | Reached skill level 5 in Throwing
 51973 | Snake:4  | Identified the +1 ice dragon scales of Wuqoxowk {rF- rC++
                  | Int+4} (Okawaru gifted it to you on level 4 of the Snake
                  | Pit)
 51973 | Snake:4  | Received a gift from Okawaru
 52272 | Snake:4  | Reached XP level 18. HP: 185/187 MP: 21/21
 52290 | Snake:4  | Got a serpentine rune of Zot
 52310 | Snake:4  | Reached skill level 23 in Fighting
 52587 | Swamp:1  | Entered Level 1 of the Swamp
 52587 | Swamp:1  | Noticed Josephine
 52598 | Lair:3   | Killed Josephine
 53460 | Swamp:1  | Found a transporter.
 53474 | Swamp:1  | You fall into a shaft and drop 1 floor!
 53863 | Swamp:1  | Noticed a tentacled monstrosity
 53866 | Swamp:1  | Found a transporter.
 55856 | Swamp:2  | Found an ancient bone altar of Kikubaaqudgha.
 55967 | Swamp:2  | Got Kikubaaqudgha's Compendium of Misery
 56778 | Swamp:3  | Received a gift from Okawaru
 56807 | Swamp:3  | Noticed Jorgrun
 56812 | Swamp:3  | Killed Jorgrun
 57569 | Swamp:3  | Identified the +10 battleaxe "Valan" {flame, rF+ Will+
                  | Dex-3} (Okawaru gifted it to you on level 3 of the Swamp)
 57569 | Swamp:3  | Received a gift from Okawaru
 57570 | Swamp:3  | Reached skill level 24 in Fighting
 57867 | Swamp:3  | Noticed a tentacled monstrosity
 57879 | Swamp:3  | Killed a tentacled monstrosity
 58406 | Swamp:4  | Entered Level 4 of the Swamp
 58506 | Swamp:4  | Noticed Mara
 58521 | Swamp:4  | Killed Mara
 59096 | Swamp:4  | Received a gift from Okawaru
 59172 | Swamp:4  | Reached skill level 25 in Fighting
 59765 | Swamp:4  | Got a decaying rune of Zot
 59794 | Swamp:4  | Identified the +6 broad axe "Conservator" {holy, Fly Str+4}
                  | (Okawaru gifted it to you on level 4 of the Swamp)
 59794 | Swamp:4  | Received a gift from Okawaru
 59909 | Swamp:4  | Reached XP level 19. HP: 155/202 MP: 22/22
 60491 | Vaults:1 | Entered Level 1 of the Vaults
 62110 | Vaults:1 | Noticed Zenata
 62122 | Vaults:1 | Killed Zenata
 62123 | Vaults:1 | Reached skill level 26 in Fighting
 62639 | Vaults:1 | Identified the +8 chain mail of the Five Violins {rElec
                  | Dex+7}
 63426 | Depths:1 | Entered Level 1 of the Depths
 63436 | Depths:1 | Received a gift from Okawaru
 64011 | D:10     | Lost mutation: You expend magic power (3 MP) to strengthen
                  | your wands. [potion of mutation]
 64011 | D:10     | Lost mutation: Your muscles are strong. (Str +4, Int/Dex
                  | -1) [potion of mutation]
 64011 | D:10     | Lost mutation: You have a pair of large horns on your head.
                  | [potion of mutation]
 64011 | D:10     | Gained mutation: Your body sometimes deteriorates upon
                  | taking damage. [potion of mutation]
 64012 | D:10     | Lost mutation: Your body sometimes deteriorates upon taking
                  | damage. [potion of mutation]
 64012 | D:10     | Lost mutation: You have large cloven feet. [potion of
                  | mutation]
 64012 | D:10     | Gained mutation: Potions are less effective at restoring
                  | your health. [potion of mutation]
 64012 | D:10     | Gained mutation: Potions cannot restore your health.
                  | [potion of mutation]
 64012 | D:10     | Gained mutation: You are partially covered in large bone
                  | plates. (SH +4) [potion of mutation]
 64121 | Lair:1   | Lost mutation: Potions cannot restore your health. [potion
                  | of mutation]
 64121 | Lair:1   | Lost mutation: Potions are less effective at restoring your
                  | health. [potion of mutation]
 64121 | Lair:1   | Gained mutation: You have large cloven feet. [potion of
                  | mutation]
 64767 | Snake:2  | Found a transporter.
 65138 | Snake:2  | Identified the +0 pair of gloves "Licit" {rF+}
 65145 | Snake:2  | Identified the ring of Sepputai {rF- Str+6 Dex+3 Stlth+}
 65183 | Snake:2  | Reached skill level 27 in Fighting
 66637 | D:15     | Received a gift from Okawaru
 66902 | Depths:1 | Lost intelligence.
 71213 | Depths:1 | Reached skill level 1 in Polearms
 71216 | Depths:1 | Reached skill level 1 in Staves
 71275 | Depths:1 | Found Qinoj's Assorted Antiques.
 71294 | Depths:1 | Found a broken altar of Ashenzari.
 71395 | Depths:1 | Received a gift from Okawaru
 71396 | Depths:1 | Reached skill level 1 in Maces & Flails
 72070 | Depths:1 | Found a one-way gate to the infinite horrors of the Abyss.
 72200 | Depths:1 | Found a gateway to Hell.
 72348 | Depths:1 | Reached skill level 1 in Ranged Weapons
 72357 | Depths:1 | Reached skill level 1 in Short Blades
 74114 | Depths:2 | Reached skill level 5 in Shields
 74315 | Depths:2 | Reached XP level 20. HP: 213/216 MP: 25/25
 74319 | Depths:2 | Received a gift from Okawaru
 74324 | Depths:2 | Reached skill level 1 in Dodging
 75476 | Depths:3 | Found a stormy altar of Qazlal.
 76003 | Depths:3 | Received a gift from Okawaru
 76293 | Depths:3 | Found Ystra's Antique Weapon Shop.
 76370 | Depths:3 | Reached skill level 1 in Evocations
 76388 | Depths:3 | Found a one-way gateway to a ziggurat.
 76968 | Depths:3 | Received a gift from Okawaru
 77916 | Depths:3 | Reached skill level 5 in Dodging
 78075 | Depths:3 | Received a gift from Okawaru
 78135 | Depths:3 | Noticed a golden dragon
 78147 | Depths:3 | Killed a golden dragon
 78148 | Depths:3 | Reached skill level 10 in Invocations
 78942 | Depths:3 | Found a one-way gate leading to the halls of Pandemonium.
 79065 | Depths:4 | Entered Level 4 of the Depths
 80286 | Depths:4 | Reached skill level 5 in Evocations
 81997 | Elf:1    | Entered Level 1 of the Elven Halls
 82468 | Elf:1    | Reached skill level 1 in Long Blades
 83181 | Elf:1    | Reached XP level 21. HP: 130/209 MP: 24/27
 83530 | Elf:1    | Paralysed by an air elemental for 1 turns
 83533 | Elf:1    | Paralysed by an air elemental for 1 turns
 84809 | Elf:1    | Paralysed by an air elemental for 1 turns
 85990 | Elf:2    | Identified the +3 trident of Rotation {vamp, Int-3 Dex+4
                  | Stlth+}
 86205 | Elf:2    | Received a gift from Okawaru
 87486 | Elf:2    | Found a runed translucent gate.
 87486 | Elf:2    | Found a runed translucent gate.
 87486 | Elf:2    | Found a runed translucent gate.
 90265 | Elf:3    | Entered Level 3 of the Elven Halls
 91511 | Elf:3    | Found a transporter.
 91534 | Elf:3    | Found a bloodstained altar of Trog.
 91534 | Elf:3    | Noticed KittyFluff's ghost (veteran GrBe)
 91596 | Elf:3    | Found a transporter.
 91710 | Elf:3    | Identified the ring "Duott" {Fly rPois rF+ Str+6}
 91729 | Elf:3    | Reached skill level 5 in Polearms
 91739 | Elf:3    | Identified the ring of the Failed Coup {rF+ Will+ Str+3}
 92164 | Elf:3    | Reached skill level 5 in Maces & Flails
 92222 | Elf:3    | Reached skill level 5 in Long Blades
 92224 | Elf:3    | Reached skill level 5 in Staves
 92242 | Elf:3    | Reached skill level 5 in Short Blades
 92244 | Elf:3    | Killed from afar by a deep elf high priest

Illustrated notes

Levels and vault maps discovered:
D:1:      minmay_arrival_radiant_lines, layout_basic,
          shapermc_ecumenical_altar_mp_highgroup
D:2:      layout_loops_corners, basic_altar
D:3:      layout_loops_corners, regret_index_temple_of_mockery,
          nzn_wu_jian_council_hall, marbit_many_paths, gammafunk_ghost_split,
          dk_vineyard_3
D:4:      layout_loops_ring
D:5:      layout_rooms
D:6:      layout_loops_corners, nicolae_overflow_crystal_walls,
          nicolae_dithmenos_the_darkroom, nemelex_dance_club_becter,
          okawaru_trees_1
D:7:      layout_layer_cave, mainiacjoe_overflow_surrounded_room,
          amethyst_overflow_temple_binary, temple_green,
          gammafunk_ghost_cemetery, grunt_decor_one_mirror
D:8:      layout_basic, nicolae_ru_the_path_less_chosen, lair_entry_dummy,
          enter_ossuary_5, uniq_joseph
D:9:      layout_basic, gammafunk_ghost_arena, nicolae_alphabet_shops,
          uniq_erica
D:10:     layout_basic, good_gods_mini_temple, hiddenorc2_lemuel
D:11:     minmay_clustersquares, layout_rooms, nicolae_uskayaw_en_pointe
D:12:     layout_roguey, hangedman_decor_opposing, uniq_psyche
D:13:     layout_small_grid, david_vaults_4, uniq_snorg, uniq_maurice,
          uniq_erolcha, uniq_kirke
D:14:     layout_basic, elves_outpost_lemuel, uniq_azrael
D:15:     gammafunk_depths_entry_grave, layout_loops_ring,
          nicolae_trove_entry_isolated, serial_bayou_lagoon_a
Lair:1:   layout_gridlike, portal_ice_cave_entry_ice_simulacra,
          lemuel_fruit_fields, uniq_urug, uniq_grum
Lair:2:   layout_hall_layers, minmay_snake_entry_six_corridors
Lair:3:   layout_small_grid, swamp_mist_pool, beast_lair_carwin_4,
          serial_bayou_shore_b
Lair:4:   layout_regular_city, eino_small_chamber_without_monster,
          nicolae_quartered_pool_impasse, nicolae_lair_run_with_the_wolves
Lair:5:   gammafunk_lair_ancient_temple, layout_regular_city,
          dpeg_slime_entry_enclosed, st_stairs_9, nicolae_lair_lindhole
Swamp:1:  gammafunk_sealed_arena, layout_falls_marsh,
          evilmike_swamp_ruin_house_5, swamp_pool2, infiniplex_staircase_pool,
          uniq_josephine
Swamp:2:  layout_basic_swamp, evilmike_swamp_ruin_house_4, beargit_kiku_chapel
Swamp:3:  layout_falls_marsh, serial_swamp_ruin, evilmike_swamp_ruin_rubble_1,
          evilmike_swamp_ruin_house_1, hangedman_swamp_ruin_wall, swamp_pool3,
          hangedman_swamp_pad, st_swamp_mini, uniq_jorgrun
Swamp:4:  swamp_basic_johnstein, layout_basic_swamp, uniq_mara
Snake:1:  minmay_snake_river, layout_misc_corridors, uniq_louise
Snake:2:  gammafunk_sealed_library, layout_layer_cave, uniq_asterion
Snake:3:  layout_onion, serial_shops, nicolae_stop_n_shop_2,
          gammafunk_ghost_necromancy, serial_bayou_shore_b, lemuel_fruit_tree,
          serial_bayou_shore_a
Snake:4:  snake_pit, layout_misc_corridors, basic_altar, grunt_ministairs_10,
          minmay_snake_pond, uniq_vashnia
Orc:1:    dreamdust_under_siege, layout_caves, serial_shops, nicolae_shop_trees,
          trog_butcher_becter
Orc:2:    st_orc_town, layout_caves
Elf:1:    eino_elf_arrival_sip, layout_geoelf_diagonals,
          hangedman_elven_crosses_minicolossus
Elf:2:    elven_hall_of_blades_hangedman_original [nicolae_blade_bullseye],
          layout_geoelf_grid
Elf:3:    minmay_elf_hall_furrowed, layout_loops_corners,
          gammafunk_ghost_wrathful_warriors
Vaults:1: grunt_vaults_hallway_long, nicolae_vaults_hallways_thing,
          vaults_room_corners, nicolae_vaults_ninety_degrees, v_misc_23,
          nicolae_vaults_mini_display_case, v_misc_3, v_misc_26, v_misc_25,
          hangedman_vaults_stretched_pinwheel, vaults_room_hangedman_quadrants,
          vaults_dpeg_diagonal, nicolae_vaults_alarming, vaults_room_door_ring,
          layout_vaults_maze_bifur, uniq_zenata
Depths:1: layout_cave_pools, grunt_pan_entry_in_and_out, serial_shops, shop,
          mu_enter_wizlab_3, pf_coc_iceberg, abyss_entry, roderic_st_hans_cross,
          roderic_serpentine_path, ashenzari_altar_1
Depths:2: hangedman_elemental_death_ray, layout_small_grid,
          hellmonk_bongcloud_opening, rand_demon_pan_entry_4, hell_entry,
          marbit_kobold_abyss_entry
Depths:3: hangedman_screamer, layout_twisted_cross, enter_ziggurat_f,
          hell_entry, nicolae_qazlal_general_emergency, serial_shops,
          nicolae_shop_statue_plus, abyss_entry, grunt_pan_entry_spiral
Depths:4: evilmike_zot_entry_argh, layout_basic, skrybe_limestone_x,
          hellmouth_2, rand_demon_pan_entry_7,
          nicolae_abyss_entry_one_way_or_another

Skill      XL: |  1  2  3  4  5  6  7  8  9 10 11 12 13 14 15 16 17 18 19 20 21 |
---------------+----------------------------------------------------------------+-----
Armour         | 4 5 6 7 8 9 12 13 14 15 16 18 20 | 20.0
Fighting       | 4 5 7 8 10 12 15 16 17 20 21 22 25 27 | 27.0
Axes           | 3 4 5 6 8 10 13 15 16 18 19 21 22 24 25 | 25.2
Throwing       | 1 2 4 5 |  5.0
Invocations    | 2 4 5 6 8 10 | 10.0
Polearms       | 1 2 5 |  5.5
Staves         | 1 2 5 |  5.2
Maces & Flails | 1 2 5 |  5.4
Ranged Weapons | 1 4 |  4.9
Short Blades   | 1 5 |  5.0
Shields        | 5 8 |  8.0
Dodging        | 5 |  5.0
Evocations     | 6 |  6.0
Long Blades    | 2 5 |  5.4
Conjurations   | |  0.5
Hexes          | |  0.5
Summonings     | |  0.4
Necromancy     | |  0.5
Translocations | |  0.6
Transmutations | |  0.7
Fire Magic     | |  0.5
Ice Magic      | |  0.7
Air Magic      | |  0.5
Earth Magic    | |  0.8
Poison Magic   | |  0.5

Action                   |  1- 3 |  4- 6 |  7- 9 | 10-12 | 13-15 | 16-18 | 19-21 || total
-------------------------+-------+-------+-------+-------+-------+-------+-------++-------
Melee: War axe           |    68 |    73 |   261 |   450 |    30 |       |       ||   882
       Headbutt          |    14 |    15 |    50 |   124 |   180 |   205 |   227 ||   815
       Broad axe         |       |       |       |    75 |     3 |       |       ||    78
       Battleaxe         |       |       |       |     6 |   215 |   166 |   920 ||  1307
       Executioner's axe |       |       |       |       |   547 |   710 |       ||  1257
Throw: Javelin           |    14 |     5 |       |       |       |    39 |    40 ||    98
       Boomerang         |       |     2 |     1 |     9 |    40 |    74 |     4 ||   130
Invok: Heroism           |       |       |     1 |     9 |    26 |    27 |    47 ||   110
       Duel              |       |       |       |       |     1 |       |       ||     1
       Finesse           |       |       |       |       |       |       |     1 ||     1
Evoke: Wand              |       |       |     1 |     1 |     3 |    10 |    12 ||    27
       Phial of floods   |       |       |       |       |       |       |     1 ||     1
       Tin of tremorston |       |       |       |       |       |       |     1 ||     1
  Use: Scroll            |     7 |     5 |     7 |     9 |    16 |     8 |    14 ||    66
       Potion            |     1 |     4 |     7 |     5 |     7 |    14 |    15 ||    53
 Stab: Confused          |       |       |       |       |       |     2 |       ||     2
       Distracted        |       |       |       |       |       |       |     1 ||     1
Armor: Scale mail        |    24 |    32 |    47 |       |       |       |       ||   103
       Ring mail         |       |       |    60 |    19 |       |       |       ||    79
       Chain mail        |       |       |       |    84 |       |       |       ||    84
       Plate armour      |       |       |       |   131 |   529 |   630 |   453 ||  1743
       Skin              |       |       |       |       |     4 |       |       ||     4
       Gold dragon scale |       |       |       |       |       |       |   214 ||   214
Dodge: Dodged            |    17 |    32 |   122 |   238 |   307 |   307 |   394 ||  1417
Block: Buckler           |    11 |    14 |    54 |   132 |       |       |       ||   211
       Other             |       |       |       |       |    16 |   188 |   344 ||   548
       Reflection        |       |       |       |       |     3 |    22 |    42 ||    67
